 Dungeon Crawl Stone Soup version 0.31-a0-198-g2ad674f65e (webtiles) character file.

Game seed: 16307924475181187586

156 qw the Skirmisher (level 5, -3/29 HPs)
             Began as a Deep Elf Hunter on June 25, 2023.
             Killed from afar by Ijyb (4 damage)
             ... with a puff of flame
             ... on level 3 of the Dungeon.
             The game lasted 00:00:44 (1482 turns).

qw the Skirmisher (Deep Elf Hunter)                 Turns: 1482, Time: 00:00:44

Health: -3/29      AC:  8    Str: 10    XL:     5   Next: 14%
Magic:  7/7        EV: 11    Int: 14    God:
Gold:   103        SH:  0    Dex: 18    Spells: 4/4 levels left

rFire   . . .        Y - +0 shortbow
rCold   . . .        (shield currently unavailable)
rNeg    + . .        i - +2 ring mail
rPois   .            (no helmet)
rElec   .            a - +0 cloak
rCorr   .            (no gloves)
SInv    .            (no boots)
Will    .....        (no amulet)
Stlth   +            c - ring of positive energy
HPRegen 0.24/turn    (no ring)
MPRegen 0.10/turn

%: no passive effects
@: no status effects
A: no striking features
a: no special abilities


You were on level 3 of the Dungeon.
You visited 1 branch of the dungeon, and saw 3 of its levels.

You collected 123 gold pieces.
You spent 20 gold pieces at shops.


   Skills:
 - Level 1.5 Fighting
 + Level 8.6 Ranged Weapons
 - Level 2.4 Dodging
 - Level 1.2 Stealth


You had 4 spell levels left.
You didn't know any spells.
Your spell library was empty.

Inventory:

Hand Weapons
 Y - a +0 shortbow (weapon)
Armour
 a - a +0 cloak (worn)
 i - a +2 ring mail (worn)
Jewellery
 c - a ring of positive energy (left hand)
 g - a ring of wizardry
Wands
 b - a wand of digging (3)
Scrolls
 e - 3 scrolls of identify
 j - a scroll of poison {unknown}
Potions
 d - a potion of cancellation
 f - a potion of invisibility {unknown}
 h - a potion of curing {unknown}

Dungeon Overview and Level Annotations

Branches:
Dungeon (3/15)

Altars:
Gozag

Shops:
D:1 (   D:3 (*

Annotations:
D:3 Ijyb


Message History

Enter note:
Enter note:
Enter note: You shoot an arrow.
The arrow hits Ijyb.
Ijyb is moderately wounded.
Ijyb hits you but does no damage.
You shoot an arrow. The arrow closely misses Ijyb.
Ijyb zaps a wand.
The puff of flame hits you.
You shoot an arrow. The arrow hits Ijyb but does no damage.
Ijyb is moderately wounded.
Ijyb zaps a wand.
The puff of flame hits you.
You shoot an arrow. The arrow hits Ijyb but does no damage.
Ijyb is moderately wounded.
Ijyb screams, "I cut your head off!" Ijyb hits you with a +0 club.
Ijyb closely misses you.
You shoot an arrow. The arrow barely misses Ijyb.
Ijyb hits you but does no damage. The hobgoblin completely misses you.
You shoot an arrow. The arrow hits Ijyb.
Ijyb is moderately wounded.
The hobgoblin hits you.
Ijyb zaps a wand.
The puff of flame hits you!
You shoot an arrow. The arrow hits Ijyb but does no damage.
Ijyb is moderately wounded.
Ijyb closely misses you. The hobgoblin hits you.
You shoot an arrow. The arrow closely misses Ijyb.
Ijyb hits you with a +0 club. The hobgoblin closely misses you.
You shoot an arrow. The arrow hits Ijyb but does no damage.
Ijyb is moderately wounded.
Ijyb closely misses you.
The hobgoblin hits you but does no damage.
You shoot an arrow. The arrow closely misses Ijyb.
Ijyb hits you but does no damage. The hobgoblin completely misses you.
You shoot an arrow. The arrow closely misses Ijyb.
Ijyb hits you with a +0 club. The hobgoblin misses you.
You shoot an arrow. The arrow hits Ijyb.
Ijyb is moderately wounded.
Ijyb hits you but does no damage. The hobgoblin closely misses you.
You shoot an arrow. The arrow hits Ijyb but does no damage.
Ijyb is moderately wounded.
Ijyb zaps a wand.
The puff of flame hits you.
You die...

######### #........
###........
...#........
..).#####.###
##..... #.#
###########....# #.#
#
#######.........@g.#
#.###
#.......#########g.#
####.#.. ..#######
.## #......# .....#
.# #..##.###
..##..... .. ....
#.# ..#######
############.###
.......
..............
..###..
##.......#.##. ..#
#.......#.##.


You could see Ijyb and a hobgoblin.

Vanquished Creatures
  Natasha (thrice) (D:2)
  2 adders (D:2)
  A dart slug (D:1)
  3 ball pythons
  3 bats (D:1)
  9 endoplasms
  3 giant cockroaches
  6 goblins
  9 hobgoblins
  4 kobolds
  4 quokkas
  2 frilled lizards
  6 rats
55 creatures vanquished.

Notes
Turn   | Place    | Note
-------+----------+-------------------------------------------
     0 | D:1      | qw the Deep Elf Hunter began the quest for the Orb.
     0 | D:1      | Reached XP level 1. HP: 12/12 MP: 3/3
     0 | D:1      | 0 ||| qw: Version: 0.3-a-22-g0ed2b0b
     0 | D:1      | 0 ||| qw: Game counter: 4915
     0 | D:1      | 0 ||| qw: Melee chars always use a shield: true
     0 | D:1      | 0 ||| qw: God list: Okawaru
     0 | D:1      | 0 ||| qw: Allow faded altars: false
     0 | D:1      | 0 ||| qw: Do Orc after clearing Dungeon:15 true
     0 | D:1      | 0 ||| qw: Do second Lair branch before Depths: true
     0 | D:1      | 0 ||| qw: Lair rune preference: random
     0 | D:1      | 0 ||| qw: Goals: Normal
     0 | D:1      | 0 ||| PLANNING D:1-11
    69 | D:1      | Reached XP level 2. HP: 16/16 MP: 4/4
    71 | D:1      | Reached skill level 6 in Ranged Weapons
   329 | D:1      | Found Boupsuthriy's Weapon Shoppe.
   337 | D:1      | 337 ||| SHOPLISTING +1 shortbow of freezing (161 gold, have
                  | 51).
   340 | D:1      | Reached XP level 3. HP: 20/20 MP: 5/5
   513 | D:1      | 513 ||| UPGRADING to +0 ring mail.
   523 | D:1      | 523 ||| DROPPING +0 leather armour.
   524 | D:1      | 524 ||| READING scroll labelled PABUAMNYARR.
   529 | D:1      | 529 ||| READING 2 scrolls labelled MYIHIHUCOA.
   530 | D:1      | 530 ||| READING 3 scrolls labelled JABAUF NACSI.
   531 | D:1      | 531 ||| READING 2 scrolls of enchant armour.
   531 | D:1      | 531 ||| ENCHANTING +0 ring mail.
   532 | D:1      | 532 ||| READING scroll of enchant armour.
   532 | D:1      | 532 ||| ENCHANTING +1 ring mail.
   533 | D:1      | 533 ||| READING scroll labelled YFITHRI PYOFIM.
   534 | D:1      | 534 ||| DROPPING scroll of butterflies.
   587 | D:2      | Reached skill level 7 in Ranged Weapons
   836 | D:2      | Noticed Natasha
   843 | D:2      | Killed Natasha
   844 | D:2      | Reached XP level 4. HP: 25/25 MP: 6/6
   998 | D:2      | Found an opulent altar of Gozag.
  1038 | D:2      | Noticed Natasha
  1047 | D:2      | Killed Natasha
  1048 | D:2      | Reached skill level 8 in Ranged Weapons
  1065 | D:2      | Found a faded altar of an unknown god.
  1149 | D:2      | 1149 ||| UPGRADING to +0 cloak.
  1154 | D:2      | 1154 ||| UPGRADING to ring of positive energy.
  1155 | D:2      | 1155 ||| READING scroll labelled GOUSKE QIREGO.
  1159 | D:2      | Noticed Natasha
  1165 | D:2      | Killed Natasha
  1166 | D:2      | Reached XP level 5. HP: 29/29 MP: 7/7
  1168 | D:2      | 1168 ||| DRINKING 2 sedimented ruby potions.
  1416 | D:3      | Found Zegegrun's General Store.
  1420 | D:3      | 1420 ||| SHOPLISTING amulet "Vegoxait" {rF+ Regen+ Int+5
                  | Dex+2} (587 gold, have 123).
  1420 | D:3      | 1420 ||| BUYING scroll of identify (20 gold).
  1420 | D:3      | Bought a scroll of identify for 20 gold pieces
  1437 | D:3      | Found Plog's Weapon Shop.
  1469 | D:3      | Noticed Ijyb
  1475 | D:3      | HP: 6/29 [Ijyb/puff of flame (12)]
  1480 | D:3      | HP: 1/29 [Ijyb/+0 club (5)]
  1482 | D:3      | Killed from afar by Ijyb

Levels and vault maps discovered:
D:1:      minmay_arrival_stair_chambers, layout_basic, serial_shops, shop,
          kennysheep_crisscross
D:2:      layout_basic, ebering_ecumenical_altar_sacrificial, basic_altar,
          hangedman_abyss_or_decor_lesser_grid, uniq_natasha
D:3:      layout_rooms, serial_shops, nicolae_shop_back_alley_shop, shop,
          uniq_ijyb

Skill      XL: |  1  2  3  4 |
---------------+-------------+-----
Ranged Weapons | 6 7 8 |  8.6
Fighting       | |  1.5
Dodging        | |  2.4
Stealth        | |  1.2

Action                     |  1- 3 |  4- 6 || total
---------------------------+-------+-------++-------
   Fire: Shortbow          |   105 |    60 ||   165
    Use: Scroll            |     6 |     1 ||     7
         Potion            |       |     1 ||     1
 Armour: Leather armour    |     3 |       ||     3
         Ring mail         |    15 |     7 ||    22
  Dodge: Dodged            |    16 |    11 ||    27

Table legend:
 A = Non-vault XP
 B = Vault XP
 C = Vault XP percentage of total XP
 D = Non-vault monster count
 E = Vault monster count
 F = Vault count percentage of total count
                 A         B        C        D         E       F
            +---------+---------+-------+---------+---------+-------
      Total |     187 |      36 |  16.1 |      54 |       1 |   1.8
            +---------+---------+-------+---------+---------+-------
        D:1 |      42 |       0 |   0.0 |      24 |       0 |   0.0
        D:2 |     130 |      36 |  21.7 |      22 |       1 |   4.3
        D:3 |      15 |       0 |   0.0 |       8 |       0 |   0.0
            +---------+---------+-------+---------+---------+-------
